Description

This build order in really easy to execute. He is designed safe and macro oriented. There is many scout timing and you can adapt to your opponent all game long.

The goal is to do a standard Gate Expand opening and then go to a fast Colossus playstyle (which is very safe against Terran).

This build can be done in all league. It's design to be really strong in defense and works against every kind of protoss build order (cheese, all-in macro).

Few tips :

  • With your scouting probe : Check the number of gas and if the Terran do an expand at 1,45.
  • Hide your scouting probe and scout against at 2,15.
  • Always do a wall on the path of the reaper if you can
  • In case of agressive playstyle (like fast marauder for example), do a fast shield battery at your natural
  • Add your double forge after the first push (most of the time, around 6min)
  • Try to take your third base before 5min
  • On your robotic, you can do an observer first and put it in front of your opponent natural expand
  • Go to colossus fast (robotic bay as soon as the robotic is finished))
  • Add pylons on edge of your main base: It's really important in case of drops
  • If you are behind, don't attack your opponent. He will have the defensive advantage

If you have any questions, you can ask them in the comment section below.

Replay - BabyMarine v zuka - Triton LE

Build Order

Get SALT Encoding   

  12  0:01  Probe  
  13  0:13  Probe  
  14  0:19  Pylon  
  14  0:23  Probe  
  15  0:33  Probe  
  15  0:40  Gateway  
  15  0:42  Probe  
  17  0:50  Assimilator  
  17  0:53  Probe  
  18  1:01  Probe  
  18  1:10  Probe  
  20  1:26  Nexus  
  20  1:37  Cybernetics Core  
  21  1:40  Probe  
  21  1:46  Assimilator  
  21  1:52  Probe  
  22  1:54  Pylon  
  22  2:04  Stalker  
  25  2:15  Warp Gate  
  26  2:27  Robotics Facility  
  27  2:44  Stalker  
  36  3:14  Gateway  
  36  3:15  Observer  
  38  3:21  Robotics Bay  
  39  3:30  Warp Prism  
  41  3:34  Gateway  
  43  3:46  Pylon  
  46  3:58  Pylon  
  46  4:01  Assimilator, Colossus  
  48  4:14  Gravitic Drive  
  56  4:30  Stalker x2  
  61  4:34  Pylon  
  61  4:45  Gateway  
  61  4:52  Stalker x3  
  67  5:05  Colossus  
  59  5:20  Gateway x2  
  67  5:27  Shield Battery  
  69  5:29  Assimilator  
  69  5:34  Extended Thermal Lance  
  69  5:49  Nexus  
  69  5:55  Colossus  
  69  5:57  Forge  
  71  6:10  Twilight Council  
  79  6:28  Charge  
  81  6:39  Protoss Ground Armor Level 1  
  83  6:40  Colossus  
  83  6:52  Gateway  
  91  6:56  Zealot x2  
  91  7:00  Gateway  
  98  7:12  Templar Archives  
  99  7:17  Zealot x3, Gateway  
  99  7:22  Zealot  
  107  7:26  Shield Battery x2  
  106  7:34  Immortal  
  106  7:36  Shield Battery  
  110  7:37  Stalker x2  
  108  8:00  Zealot x4  
  112  8:13  Immortal  
  108  8:24  Observer  
  110  8:27  Forge  
  110  8:29  Gateway  
  110  8:31  Psionic Storm  
  111  8:36  Assimilator x2, High Templar x2  
  98  9:12  Stalker  
  98  9:15  Colossus  
  110  9:32  Protoss Ground Armor Level 2  
  110  9:38  High Templar x4  
  109  9:42  Archon x2  
  119  9:50  Protoss Ground Weapons Level 1  
Spawning Tool Build Advisor. Get it on Overwolf

Go to:

Details

  • Created by: zuka      
  • Published on: May 11, 2020
  • Patch: 4.7.1
Show
View Real Time Build Order
Export as new Build Order

Comments (0)

There are no comments. Be the first!

Create an account to comment!